 Dungeon Crawl Stone Soup version 0.31-a0-691-g409c26aa35 (webtiles) character file.

Game seed: 14861694442357051594

173 oldmanjim the Shield-Bearer (level 5, 0/43 HPs)
             Began as a Formicid Fighter on Sept 6, 2023.
             Killed by divine providence
             ... invoked by an orc priest
              (14 damage)
             ... on level 4 of the Dungeon.
             The game lasted 00:06:22 (1979 turns).

oldmanjim the Shield-Bearer (Formicid Fighter)      Turns: 1979, Time: 00:06:24

Health: 0/43       AC:  7    Str: 22    XL:     5   Next: 83%
Magic:  5/5        EV:  9    Int:  8    God:
Gold:   92         SH:  6    Dex: 18    Spells: 4/4 levels left

rFire   . . .        b - +3 short sword of Vologer {spect, Dex+5}
rCold   . . .        c - +0 buckler
rNeg    . . .        o - +0 scale mail
rPois   .            (helmet unavailable)
rElec   .            (no cloak)
rCorr   .            (no gloves)
SInv    +            (no boots)
Will    .....        (no amulet) Stlth
                     (no ring)
HPRegen 0.27/turn    (no ring)
MPRegen 0.09/turn

%: no passive effects
@: no status effects
A: permanent stasis, dig shafts and tunnels, antennae 3, four strong arms
a: Dig, Shaft Self


You were on level 4 of the Dungeon.
You visited 1 branch of the dungeon, and saw 4 of its levels.

You collected 92 gold pieces.

Inventory:

Hand Weapons
 a - a +0 trident
 b - the +3 short sword of Vologer (weapon) {spect, Dex+5}
   (You found it on level 2 of the Dungeon)

   Dex+5:     It affects your dexterity (+5).
Missiles
 f - 14 stones
 i - a throwing net
 q - 2 poisoned darts
 r - a boomerang
 u - 3 javelins
Armour
 c - a +0 buckler (worn)
 o - a +0 scale mail (worn)
Scrolls
 e - a scroll of fog {unknown}
 h - a scroll of immolation {unknown}
 k - a scroll of identify {unknown}
 l - a scroll of blinking {unknown}
 n - a scroll of poison {unknown}
Potions
 d - a potion of might
 g - 4 potions of curing {unknown}
 j - a potion of lignification {unknown}
 m - a potion of brilliance {unknown}
 p - a potion of haste {unknown}
 s - a potion of mutation {unknown}
 t - a potion of degeneration {unknown}
 v - a potion of ambrosia {unknown}


   Skills:
 + Level 4.4 Fighting
 + Level 1.8 Short Blades
 - Level 2.5 Polearms
 + Level 4.4 Armour
 - Level 5.0 Shields


You had 4 spell levels left.
You didn't know any spells.
Your spell library contained the following spells:

 Spells                   Type           Power      Damage    Failure   Level
 Static Discharge         Conj/Air       0%         2-2/arc   90%         2
 Airstrike                Air            0%         2d(0-16)  100%        4
 Summon Lightning Spire   Summ/Air       0%         N/A       100%        4


Dungeon Overview and Level Annotations

Branches:
Dungeon (4/15)
 Temple: D:4-7

Altars:

Annotations:
D:3 3 runed translucent doors, MrSquiggles's ghost, amateur HuGl


Innate Abilities, Weirdness & Mutations

You cannot be hasted, slowed, berserked, paralysed or teleported.
You can dig through walls and to a lower floor.
You have a pair of large antennae on your head. (SInv)
Your four strong arms can wield two-handed weapons with a shield.


Message History

Your +3 short sword of Vologer {spect, Dex+5} disappears.
You puncture the orc!
You kill the orc!
The orc throws a boomerang.
The boomerang barely misses you.
You hit the orc.
The orc is lightly wounded.
You block the orc's attack. The orc hits you with a +0 war axe.
You hit the orc but do no damage.
The orc is lightly wounded.
The orc hits you with a +0 club. The orc barely misses you. x2
You completely miss the orc.
The orc is lightly wounded.
The orc hits you but does no damage. The orc completely misses you.
The orc hits you with a +0 hand axe.
You barely miss the orc.
The orc is lightly wounded.
The orc hits you with a +0 club.
You closely miss the orc.
The orc is lightly wounded.
You block the orc's attack. The orc hits you but does no damage. x2
You hit the orc but do no damage.
The orc is lightly wounded.
The orc barely misses you. The orc closely misses you.
You hit the orc but do no damage.
The orc is lightly wounded.
The orc barely misses you. You block the orc's attack. x2
You hit the orc.
The orc is moderately wounded.
The orc hits you but does no damage. The orc hits you with a +0 war axe.
You block the orc's attack.
You hit the orc.
The orc is moderately wounded.
The orc hits you with a +0 club. You block the orc's attack. x2
You hit the orc but do no damage.
The orc is moderately wounded.
The orc closely misses you. The orc misses you.
The orc hits you with a +0 hand axe.
The orc priest invokes the aid of Beogh against you.
Beogh smites you!
You die...

).. .... ..# .......
.. ....... #.##
....... #..# .....!.
#.###.......
##.####..ooo......
.?.......@#{......
##...#..##o# #..
#..#...#
...###..#[..#
........#.#.#
#..####[.##.##.
#..##.#####........#
#....<††..........
#.##.##.######.#..


You could see an orc priest and 3 orcs.

Vanquished Creatures
  A hound (D:4)
  2 orc priests (D:3)
  An ufetubus (D:4)
  10 orcs
  7 ball pythons
  5 endoplasms
  2 giant cockroaches (D:1)
  5 goblins
  5 hobgoblins
  10 jackals
  2 quokkas
  6 bats
  2 frilled lizards (D:1)
  4 kobolds
  4 rats
66 creatures vanquished.

Vanquished Creatures (others)
  A hobgoblin (D:3)
1 creature vanquished.

Grand Total: 67 creatures vanquished

Notes
Turn   | Place    | Note
-------+----------+-------------------------------------------
     0 | D:1      | oldmanjim the Formicid Fighter began the quest for the Orb.
     0 | D:1      | Reached XP level 1. HP: 18/18 MP: 1/1
   155 | D:1      | Reached XP level 2. HP: 24/24 MP: 2/2
   263 | D:1      | Reached XP level 3. HP: 24/29 MP: 3/3
   909 | D:2      | Identified the +3 short sword of Vologer {spect, Dex+5}
  1277 | D:3      | Found a runed translucent gate.
  1280 | D:3      | Found a runed translucent gate.
  1280 | D:3      | Found a runed translucent gate.
  1281 | D:3      | Noticed MrSquiggles's ghost (amateur HuGl)
  1295 | D:3      | Reached XP level 4. HP: 23/37 MP: 4/4
  1306 | D:3      | Reached skill level 1 in Short Blades
  1306 | D:3      | Reached skill level 5 in Shields
  1306 | D:3      | Reached XP level 5. HP: 13/42 MP: 5/5
  1979 | D:4      | Killed from afar by an orc priest

Illustrated notes

Levels and vault maps discovered:
D:1:      saegor_arrival_simple_b, layout_loops_ring, amcnicky_mini_pool_small
D:2:      layout_rooms, serial_bayou_pond_c
D:3:      layout_basic, gammafunk_ghost_split
D:4:      layout_rooms, minmay_misc_feat_alley, minmay_misc_feat_room,
          st_stairs_7, minmay_distorted

Skill      XL: |  1  2  3  4 |
---------------+-------------+-----
Armour         | 4 |  4.4
Fighting       | 4 |  4.4
Short Blades   | 1 |  1.8
Shields        | 5 |  5.0
Polearms       | |  2.5

Action                     |  1- 3 |  4- 6 || total
---------------------------+-------+-------++-------
  Melee: Trident           |   101 |       ||   101
         Short sword       |     6 |    86 ||    92
 Armour: Scale mail        |    63 |    80 ||   143
  Dodge: Dodged            |    35 |    53 ||    88
  Block: Buckler           |    24 |    28 ||    52

Table legend: (Time is in decaauts)
 A = Elapsed time spent in this place.
 B = Non-inter-level travel time spent in this place.
 C = Inter-level travel time spent in this place.
 D = Time resting spent in this place.
 E = Time spent auto-exploring this place.
 F = Levels seen in this place.
 G = Mean time per level.
                   A        B        C        D        E       F      G
               +--------+--------+--------+--------+--------+-----+--------+
         Total |   2003 |   1892 |    111 |     78 |   1419 |   4 |  500.8 |
       Dungeon |   2003 |   1892 |    111 |     78 |   1419 |   4 |  500.8 |
               +--------+--------+--------+--------+--------+-----+--------+

Top non-repeatable levels by time:
     D:1: 861 daAuts
     D:3: 599 daAuts
     D:2: 435 daAuts
     D:4: 107 daAuts
